Map: Acropolis LE

Players

MaSa - Winner!

  • Race: Terran Terran
  • Spawn Location: 5:00

SortOf

  • Race: Zerg Zerg
  • Spawn Location: 11:00

VOD

Have the link to the VOD?

Description

Time

  • Played on: Sept. 6, 2019, 8:15 p.m.
  • Length: 15:59
Show
View Real Time Build Order
Export as new Build Order

MaSa Terran - Winner!

Build Orders: Reaper Expand 

Get SALT Encoding   

  12  0:00  SCV  
  13  0:12  SCV  
  14  0:17  Supply Depot  
  14  0:25  SCV  
  15  0:38  SCV  
  15  0:39  Barracks  
  16  0:43  Refinery  
  16  0:50  SCV  
  17  1:02  SCV  
  18  1:14  SCV  
  19  1:26  Reaper  
  19  1:27  Orbital Command  
  20  1:40  Command Center  
  20  1:49  Supply Depot  
  20  1:50  Refinery  
  20  1:54  SCV  
  20  1:58  Marine  
  22  2:07  SCV  
  23  2:14  Factory  
  23  2:19  SCV, Barracks Reactor  
  24  2:31  SCV  
  25  2:43  SCV  
  26  2:52  Orbital Command  
  26  2:55  SCV  
  29  3:06  Starport  
  29  3:07  SCV  
  28  3:14  Barracks Tech Lab  
  28  3:15  Hellion x2  
  28  3:18  SCV  
  28  3:19  SCV  
  34  3:30  SCV  
  34  3:31  SCV  
  36  3:37  Hellion x2  
  40  3:42  SCV  
  40  3:43  Fusion Core  
  40  3:45  SCV  
  40  3:48  Supply Depot, Viking  
  44  3:54  SCV  
  45  3:57  SCV  
  46  4:09  SCV x2  
  52  4:10  Hellion x2  
  52  4:11  Supply Depot  
  52  4:14  Barracks Tech Lab  
  52  4:21  SCV  
  53  4:25  SCV  
  54  4:31  Supply Depot  
  54  4:33  Battlecruiser  
  60  4:39  SCV  
  60  4:40  Command Center, SCV  
  62  4:47  Refinery  
  62  4:49  Refinery  
  62  4:53  SCV  
  62  4:54  Supply Depot  
  62  4:56  Weapon Refit  
  62  4:57  SCV  
  64  5:01  Hellion  
  64  5:04  Hellion  
  64  5:05  SCV  
  69  5:09  SCV  
  70  5:17  SCV  
  70  5:21  SCV, Supply Depot  
  72  5:22  Supply Depot  
  72  5:24  Factory  
  72  5:26  Factory  
  72  5:29  Hellion  
  72  5:31  Hellion  
  72  5:34  Barracks Tech Lab  
  76  5:36  SCV  
  77  5:44  SCV  
  77  5:48  SCV  
  79  5:54  Battlecruiser  
  79  5:55  SCV  
  86  5:58  SCV  
  86  6:01  SCV  
  86  6:03  Hellion x2  
  88  6:10  SCV  
  80  6:16  Cyclone  
  83  6:19  Refinery  
  83  6:21  SCV  
  83  6:22  Refinery  
  88  6:25  Mag-Field Accelerator, Hellion x2  
  88  6:26  Cyclone  
  88  6:31  SCV  
  92  6:34  Orbital Command  
  92  6:35  SCV  
  93  6:43  SCV, Barracks Reactor  
  94  6:47  Hellion x2  
  94  6:48  SCV  
  94  6:52  Cyclone  
  94  7:02  SCV x2  
  94  7:05  Armory  
  94  7:06  Armory  
  94  7:08  Hellion x2  
  100  7:09  SCV  
  100  7:11  Cyclone  
  104  7:20  SCV  
  104  7:21  SCV  
  106  7:27  Command Center, Supply Depot  
  106  7:28  Supply Depot  
  106  7:30  Cyclone  
  106  7:36  Supply Depot  
  109  7:49  Cyclone, SCV x3, Hellion x2  
  109  7:50  Supply Depot, Battlecruiser  
  125  7:55  Barracks Tech Lab  
  125  7:56  Factory  
  125  7:57  Factory  
  125  8:01  SCV x3  
  125  8:04  Hellion  
  130  8:11  Hellion  
  130  8:12  Hellion  
  133  8:13  SCV  
  133  8:14  SCV x2  
  133  8:16  Terran Vehicle And Ship Armor Level 1, Terran Vehicle Weapons Level 1  
  133  8:19  Supply Depot  
  136  8:21  Hellion  
  136  8:25  SCV  
  136  8:26  SCV  
  140  8:27  Supply Depot  
  140  8:28  SCV  
  140  8:29  Supply Depot, Engineering Bay  
  141  8:39  Cyclone, SCV x2  
  144  8:43  Hellion x3  
  144  8:45  Cyclone  
  151  8:56  Supply Depot  
  151  8:57  Supply Depot  
  151  9:04  SCV  
  151  9:08  Cyclone  
  151  9:09  Missile Turret  
  155  9:11  Cyclone, Refinery  
  155  9:14  Refinery  
  155  9:17  Cyclone, Hellion  
  152  9:22  Infernal Pre-Igniter  
  152  9:23  Smart Servos  
  152  9:31  Hellion x2  
  158  9:38  Hellion  
  158  9:40  Cyclone  
  158  9:43  Siege Tank  
  162  9:48  Battlecruiser  
  162  9:49  Cyclone  
  166  9:59  Hellion  
  149  10:07  Command Center  
  149  10:12  Cyclone  
  146  10:15  Cyclone  
  146  10:16  Hellion x3  
  146  10:19  SCV  
  146  10:21  Cyclone, SCV  
  154  10:22  Hellion  
  154  10:25  SCV  
  154  10:28  Terran Ship Weapons Level 1  
  152  10:32  SCV  
  159  10:42  Hellion  
  159  10:43  Hellion x2  
  159  10:44  Cyclone, SCV  
  159  10:46  SCV  
  159  10:47  SCV  
  165  10:50  Supply Depot  
  165  10:53  Siege Tank  
  165  10:54  Hellion  
  168  10:58  Battlecruiser  
  155  11:07  Hellion x2  
  155  11:09  SCV  
  155  11:11  Hellion x2  
  148  11:15  SCV  
  148  11:16  Cyclone, SCV  
  134  11:22  Command Center  
  134  11:23  Terran Vehicle And Ship Armor Level 2  
  134  11:26  Cyclone  
  137  11:35  SCV x2  
  137  11:38  Cyclone, Command Center  
  142  11:41  Hellion  
  142  11:45  SCV  
  142  11:46  Refinery  
  146  11:48  Orbital Command  
  146  11:49  SCV  
  146  11:51  SCV  
  146  11:54  Hellion  
  149  12:00  SCV  
  150  12:04  Cyclone x2, Hellion x3  
  162  12:09  SCV x2  
  162  12:10  Cyclone  
  167  12:19  Hellion  
  167  12:20  Supply Depot  
  169  12:25  Battlecruiser  
  169  12:29  Hellion  
  167  12:35  Hellion x2  
  164  12:42  Cyclone  
  164  12:43  Cyclone  
  164  12:49  Terran Ship Weapons Level 2  
  164  12:54  Orbital Command  
  164  12:56  Hellion x2  
  168  13:05  Cyclone  
  173  13:06  Hellion  
  173  13:11  Hellion  
  168  13:14  SCV x3, Refinery  
  168  13:16  Cyclone  
  168  13:17  Cyclone  
  173  13:23  Hellion  
  173  13:24  Hellion  
  177  13:31  Hellion  
  176  13:37  Cyclone  
  176  13:39  SCV  
  177  13:44  Hellion  
  177  13:46  Planetary Fortress  
  177  13:48  Cyclone, SCV, Refinery  
  182  13:49  Cyclone, SCV  
  182  13:54  Command Center  
  191  13:55  Hellion  
  191  13:56  Hellion  
  190  14:02  SCV  
  190  14:07  Hellion x2  
  190  14:09  Cyclone  
  192  14:15  SCV x2  
  192  14:16  SCV  
  195  14:20  Cyclone, SCV  
  195  14:21  Cyclone  
  200  14:25  Hellion  
  196  14:31  SCV, Hellion x2  
  196  14:33  SCV  
  196  14:35  SCV  
  197  14:41  Cyclone, Starport  
  197  14:43  Starport  
  200  14:52  Cyclone  
  186  14:53  Cyclone, Hellion  
  186  14:58  Hellion x2  
  188  15:00  SCV x2  
  187  15:10  Hellion  
  187  15:13  Cyclone  
  183  15:24  Cyclone  
  183  15:25  Cyclone  
  183  15:26  Barracks, Hellion x3  
  183  15:41  Starport Tech Lab x2  
Show
View Real Time Build Order
Export as new Build Order

SortOf Zerg 

Build Orders: Hatch First 

Get SALT Encoding   

  12  0:00  Drone  
  13  0:12  Overlord  
  13  0:16  Drone  
  14  0:30  Drone x2  
  16  0:47  Hatchery  
  15  0:51  Drone  
  15  0:55  Drone  
  17  0:58  Drone  
  18  1:09  Extractor  
  17  1:13  Spawning Pool  
  17  1:17  Drone  
  17  1:20  Drone  
  18  1:28  Drone  
  19  1:39  Drone  
  20  1:48  Overlord  
  20  2:00  Queen x2  
  24  2:01  Zergling x4  
  26  2:10  Drone  
  26  2:11  Drone  
  26  2:14  Metabolic Boost  
  28  2:20  Drone  
  28  2:21  Drone  
  30  2:28  Spore Crawler  
  29  2:33  Drone  
  29  2:35  Queen  
  32  2:40  Drone  
  34  2:46  Drone  
  34  2:47  Overlord  
  35  2:55  Drone  
  36  3:02  Hatchery  
  36  3:04  Drone  
  36  3:05  Pneumatized Carapace  
  36  3:06  Drone  
  36  3:12  Drone x3  
  40  3:14  Overlord  
  40  3:19  Drone  
  41  3:23  Queen  
  41  3:25  Drone  
  44  3:28  Overlord  
  44  3:35  Drone  
  44  3:38  Drone  
  46  3:42  Drone  
  46  3:46  Drone x3  
  50  3:49  Queen  
  50  3:51  Zergling x2  
  53  3:57  Zergling x2  
  53  4:00  Lair  
  54  4:04  Drone  
  54  4:07  Overlord  
  55  4:10  Drone  
  55  4:12  Drone x3  
  55  4:14  Drone, Extractor  
  55  4:15  Baneling Nest, Queen  
  60  4:20  Overlord  
  60  4:21  Drone x2  
  62  4:27  Zergling x6  
  65  4:32  Spore Crawler  
  65  4:33  Drone  
  65  4:36  Overlord  
  65  4:38  Queen  
  67  4:39  Drone  
  67  4:41  Overlord  
  67  4:44  Drone x2  
  70  4:46  Drone  
  70  4:49  Drone x2  
  70  4:52  Drone  
  74  4:56  Drone x5  
  79  5:00  Overseer  
  79  5:02  Overseer  
  79  5:06  Centrifical Hooks  
  79  5:07  Drone, Evolution Chamber  
  79  5:09  Evolution Chamber  
  79  5:10  Drone  
  79  5:12  Extractor  
  79  5:13  Overlord  
  78  5:15  Drone  
  78  5:17  Overlord  
  79  5:21  Drone x4  
  79  5:22  Drone  
  79  5:23  Overlord  
  79  5:26  Queen  
  86  5:30  Overlord  
  86  5:32  Drone x2, Extractor  
  87  5:36  Spore Crawler  
  87  5:41  Drone x2  
  87  5:42  Zergling x4, Extractor  
  89  5:43  Drone  
  88  5:55  Overlord  
  88  5:57  Zergling x18  
  93  6:02  Drone x4  
  94  6:06  Spore Crawler  
  94  6:07  Drone  
  94  6:08  Drone  
  94  6:16  Spire, Drone x2  
  94  6:17  Roach Warren  
  94  6:20  Extractor  
  94  6:23  Drone x2  
  95  6:31  Hatchery  
  94  6:34  Drone x2  
  94  6:38  Spore Crawler  
  89  6:53  Queen  
  84  6:56  Overlord  
  84  6:58  Glial Reconstitution  
  84  6:59  Zerg Missile Weapons Level 1  
  81  7:01  Roach x6  
  81  7:02  Roach x4  
  81  7:06  Queen  
  103  7:10  Extractor  
  103  7:13  Overlord  
  103  7:14  Queen, Extractor  
  103  7:17  Extractor  
  103  7:20  Extractor  
  103  7:26  Drone x3  
  103  7:27  Overlord, Drone x3  
  103  7:29  Overlord, Corruptor  
  109  7:30  Corruptor  
  113  7:38  Corruptor x5  
  120  7:45  Corruptor x2  
  120  7:48  Zerg Flyer Weapons Level 1  
  120  7:51  Drone x2  
  126  7:54  Corruptor x2  
  130  8:03  Corruptor  
  127  8:12  Roach x8  
  131  8:19  Roach x2  
  133  8:20  Roach x3  
  133  8:22  Overlord  
  133  8:27  Roach x3  
  133  8:28  Zergling x2  
  133  8:31  Overseer  
  133  8:33  Roach x2  
  144  8:38  Zergling x8  
  148  8:45  Roach x4  
  154  8:55  Roach  
  154  8:56  Overlord, Roach x3  
  154  8:58  Baneling x8  
  154  9:02  Baneling x2  
  160  9:03  Overlord  
  160  9:04  Overlord  
  160  9:06  Overlord  
  160  9:16  Roach x6  
  164  9:17  Ravager x3  
  164  9:20  Zergling x4  
  164  9:22  Ravager x2  
  169  9:24  Zergling x6  
  169  9:29  Zergling x10  
  177  9:32  Ravager x2  
  177  9:33  Ravager  
  177  9:34  Zergling x6  
  181  9:40  Zergling x10  
  182  9:49  Zergling x10  
  179  9:54  Zergling x6  
  173  10:01  Roach x6  
  173  10:06  Roach x3  
  169  10:18  Roach x6  
  168  10:25  Roach  
  161  10:30  Ravager, Hatchery  
  161  10:31  Ravager  
  161  10:33  Baneling x12  
  162  10:38  Roach x2  
  162  10:40  Overlord  
  164  10:53  Roach x3  
  164  10:56  Overlord  
  170  11:00  Zergling x12  
  161  11:09  Corruptor  
  161  11:10  Corruptor x3  
  138  11:11  Zergling x2  
  113  11:21  Corruptor  
  113  11:22  Corruptor  
  113  11:24  Corruptor  
  113  11:31  Drone x6  
  119  11:39  Roach x2  
  123  11:44  Corruptor x2  
  127  11:47  Ravager  
  127  11:52  Corruptor  
  130  12:00  Corruptor x2  
  126  12:13  Corruptor x4  
  134  12:20  Drone x4  
  134  12:21  Infestation Pit, Drone  
  138  12:23  Baneling  
  138  12:24  Zergling x2, Baneling  
  138  12:25  Baneling  
  138  12:29  Zergling x8  
  133  12:35  Roach x3  
  133  12:36  Baneling  
  133  12:37  Baneling  
  127  12:40  Zergling x6  
  127  12:44  Roach x2  
  127  12:47  Roach x2  
  131  12:51  Baneling  
  131  12:53  Ravager  
  131  12:54  Baneling x3  
  131  12:55  Roach x2  
  136  13:00  Roach  
  136  13:01  Roach x2  
  148  13:05  Roach x3  
  148  13:10  Roach x3  
  149  13:15  Roach x3  
  149  13:17  Ravager x2  
  149  13:19  Zergling x2  
  159  13:20  Zergling x4  
  159  13:25  Zergling x10  
  144  13:37  Roach  
  144  13:38  Roach x6  
  144  13:40  Ravager x2  
  150  13:48  Corruptor  
  150  13:54  Corruptor  
  154  13:57  Corruptor  
  156  14:03  Hatchery  
  156  14:05  Corruptor x3  
  159  14:13  Baneling x8  
  158  14:22  Roach x6  
  168  14:27  Zergling x14  
  170  14:33  Zergling x8  
  170  14:35  Corruptor  
  176  14:41  Zergling x4  
  176  14:42  Ravager x3  
  181  14:47  Zergling x6  
  181  14:52  Zergling x2  
  169  14:55  Zergling x6  
  161  15:02  Roach  
  161  15:03  Baneling x11  
  157  15:12  Roach x6  
  157  15:17  Roach x2  
  161  15:24  Roach  
  161  15:27  Baneling x5  
  163  15:31  Roach x2  
  155  15:36  Roach  
Tags
 
Add a new tag
Caveats
  • Supply blocks, unpowered buildings, or Contaminate may cause inaccurate times.
  • Supply counts are checked every 10 seconds.